 Dungeon Sprint DCSS version 0.27.1 (webtiles) character file.

Game seed: 4134190914693598792

2846 styxcanada the Imperceptible (level 9, 0/48 HPs)
             Began as a Spriggan Brigand on Aug 27, 2021.
             Was an Initiate of Gozag.
             Killed by angry trees
             ... awakened by a spriggan druid
              (16 damage)
             ... in the Dungeon (Sprint IV: "Fedhas' Mad Dash").
             The game lasted 00:05:52 (603 turns).

styxcanada the Imperceptible (Spriggan Brigand)      Turns: 603, Time: 00:05:55

Health: 0/48       AC:  3    Str:  7    XL:     9   Next: 46%
Magic:  19/19      EV: 23    Int: 12    God:    Gozag
Gold:   1152       SH:  8    Dex: 20    Spells: 18/20 levels left

rFire    . . .     SeeInvis +   a - +2 dagger
rCold    . . .     Faith    .   o - +2 buckler
rNeg     . . .     Spirit   .   b - +0 robe
rPois    .         Reflect  .   (helmet restricted)
rElec    .         Harm     .   c - +0 cloak
rCorr    .         Rampage  .   (gloves unavailable)
Will     +....     NoTele   +   (boots unavailable)
Stlth    ++++++++..             m - amulet of invisibility {+Inv}
HPRegen  0.16/turn              (no ring)
MPRegen  0.16/turn              (no ring)

@: very slightly contaminated, invisible, very quick
A: very small, no large weapons, unfitting armour, see invisible, speed 3
a: Renounce Religion, Evoke Invisibility, Potion Petition, Call Merchant, Bribe
Branch


You were in the Dungeon.
You worshipped Gozag.
Gozag was most pleased with you.
You visited 1 branch You collected 1678 gold pieces.
You spent 526 gold pieces at shops.

Inventory:

Hand Weapons
 a - a +2 dagger (weapon)
Missiles
 d - 5 poisoned darts (quivered)
 e - 2 curare-tipped darts
 n - 14 sling bullets
Armour
 b - a +0 robe (worn)
 c - a +0 cloak (worn)
 o - a +2 buckler (worn)
Jewellery
 m - the amulet of invisibility (around neck) {+Inv}
   (You found it in the Dungeon)

   [amulet of nothing]

   +Inv:      It lets you turn invisible.
 s - a ring of protection from cold
Scrolls
 k - a scroll of blinking
 l - a scroll of identify
 p - a scroll of enchant weapon
Potions
 f - 2 potions of curing
 g - 3 potions of heal wounds
 h - a potion of haste
 i - 2 potions of magic
 j - 2 potions of berserk rage
 r - a potion of might
Miscellaneous
 q - a phial of floods


   Skills:
 * Level 5.8 Fighting
 + Level 4.5 Short Blades
 + Level 3.3 Throwing
 * Level 8.6 Dodging
 * Level 22.0 Stealth
 + Level 0.2 Shields
 * Level 6.2 Spellcasting
 * Level 4.6 Air Magic
 * Level 5.0 Poison Magic
 * Level 9.1 Evocations


You had 18 spell levels left.
You knew the following spells:

 Your Spells              Type           Power      Damage    Failure   Level
a - Poisonous Vapours     Pois/Air       30%        N/A       6%          2

Your spell library contained the following spells:

 Spells                   Type           Power      Damage    Failure   Level
 Corpse Rot               Necr/Air       N/A        N/A       17%         2
 Freezing Cloud           Conj/Ice/Air   3%         6-21      99%         5


Dungeon Overview and Level Annotations

Branches:
Dungeon (1/1)

Altars:
Cheibriados
Dithmenos
Elyvilon
Gozag
Hepliaklqana
Kikubaaqudgha
Makhleb
Nemelex Xobeh
Okawaru
Qazlal
Ru
Sif Muna
Trog
Uskayaw
Vehumet
Wu Jian
Xom
Yredelemnul
Zin
The Shining One
Beogh
Jiyva
Lugonu

Shops:
D (:!=


Innate Abilities, Weirdness & Mutations

You are very small and have problems with some larger weapons.
You are too small for most types of armour.
You have supernaturally acute eyesight. (SInv)
You cover ground extremely quickly. (Speed+++)


Message History

Found 16 gold pieces.
There is an open door here.
Found 23 gold pieces.
A spriggan druid comes into view. It is wielding a +0 quarterstaff.
The spriggan druid shouts!
You closely miss the spriggan druid.
The spriggan druid calls out to the beasts of the wild!
A moth of wrath comes into view.
The spriggan druid gestures wildly while chanting.
The forest starts to sway and rumble!
Throw: 8 darts (poison)
Press: ? - help, Q - select action, (/) - cycle Shift-Dir - straight line, f - spriggan druid
Aim: a spriggan druid, wielding a +0 quarterstaff and wearing a +0 robe (40% to hit)
You throw a poisoned dart.
The poisoned dart hits the spriggan druid.
The spriggan druid is poisoned.
You are hit by a branch!
Throw: 7 darts (poison)
Press: ? - help, Q - select action, (/) - cycle Shift-Dir - straight line, f/p - spriggan druid
Aim: a spriggan druid, wielding a +0 quarterstaff and wearing a +0 robe (poisoned, 40% to hit)
You throw a poisoned dart.
The poisoned dart closely misses the spriggan druid.
You are waved at by a branch.
You block the spriggan druid's attack. A root smacks you from below!
You are hit by a branch!
Tree limbs sway around you.
You are waved at by a branch.
There is an open door here.
Throw: 6 darts (poison)
Press: ? - help, Q - select action, (/) - cycle Shift-Dir - straight line, f/p - spriggan druid
Aim: a spriggan druid, wielding a +0 quarterstaff and wearing a +0 robe (lightly wounded, poisoned, 40% to hit)
You throw a poisoned dart.
The poisoned dart hits the spriggan druid.
The spriggan druid looks even sicker.
The spriggan druid is lightly wounded.
The moth of wrath's fur bristles in rage as it notices you.
Tree limbs sway around you.
You are hit by a branch!
You die...
Your body crumbles into a pile of gold.

#################################
#<..P#.....#.....#.⌠._._._._.⌠.#.
#PP..'..†..'.#[..'.._._._._._..'.
#PPPP#...†.#.#...#..._._._._...#.
###############'##.._._._._._..#.
#...♣........'...#._._._._._.⌠.##
#......♣.....#...###############
#.....♣..♣..######♣♣♣♣♣(.♣
##'####'######..@.i.y.(♣..♣
#..#....'.......#♣..♣♣♣.♣..#
#.)#.|###.......#.♣♣.$♣.$$♣+ $
####### ########## #######


You could see a moth of wrath (wandering) and a spriggan druid (very poisoned).

Vanquished Creatures
  2 oklob plants (D)
  A queen bee (D)
  3 burning bushes (D)
  3 wandering mushrooms (D)
  3 scorpions (D)
  4 killer bees (D)
  5 oklob saplings (D)
  2 spriggans (D)
  A river rat (D)
  A rat (D)
25 creatures vanquished.

Notes
Turn   | Place    | Note
-------+----------+-------------------------------------------
     0 | D        | styxcanada the Spriggan Brigand began the quest for the
                  | Orb.
     0 | D        | Reached XP level 1. HP: 10/10 MP: 2/2
     9 | D        | Reached skill level 8 in Stealth
     9 | D        | Reached XP level 2. HP: 15/15 MP: 3/3
    15 | D        | Noticed an oklob sapling
    17 | D        | Killed an oklob sapling
    18 | D        | Reached skill level 10 in Stealth
    18 | D        | Reached XP level 3. HP: 18/18 MP: 4/4
    19 | D        | Noticed a scorpion
    19 | D        | Found the amulet of invisibility {+Inv}
    21 | D        | Killed a scorpion
    22 | D        | Reached skill level 12 in Stealth
    22 | D        | Reached XP level 4. HP: 23/23 MP: 5/5
    45 | D        | Found an opulent altar of Gozag.
    45 | D        | Found a hazy altar of Hepliaklqana.
    45 | D        | Found a burning altar of Makhleb.
    45 | D        | Found a sparkling altar of Nemelex Xobeh.
    45 | D        | Found a snail-covered altar of Cheibriados.
    45 | D        | Found a sacrificial altar of Ru.
    45 | D        | Found a shimmering blue altar of Sif Muna.
    45 | D        | Found a shimmering altar of Xom.
    45 | D        | Found a basalt altar of Yredelemnul.
    46 | D        | Found a viscous altar of Jiyva.
    46 | D        | Found a bloodstained altar of Trog.
    46 | D        | Found an ornate altar of the Wu Jian Council.
    47 | D        | Found an iron altar of Okawaru.
    47 | D        | Found a shadowy altar of Dithmenos.
    47 | D        | Found a glowing silver altar of Zin.
    48 | D        | Found an ancient bone altar of Kikubaaqudgha.
    48 | D        | Found a hide-covered altar of Uskayaw.
    49 | D        | Found a stormy altar of Qazlal.
    49 | D        | Found a white marble altar of Elyvilon.
    49 | D        | Found a glowing golden altar of the Shining One.
    50 | D        | Became a worshipper of Gozag Ym Sagoz the Greedy
    51 | D        | Found a corrupted altar of Lugonu.
    51 | D        | Found a radiant altar of Vehumet.
    55 | D        | Reached skill level 13 in Stealth
    55 | D        | Reached skill level 1 in Evocations
    55 | D        | Reached XP level 5. HP: 28/28 MP: 3/6
   104 | D        | Reached skill level 14 in Stealth
   111 | D        | Reached skill level 5 in Dodging
   111 | D        | Reached skill level 15 in Stealth
   113 | D        | Reached XP level 6. HP: 32/32 MP: 5/7
   159 | D        | Found Zolog's Book Shop.
   160 | D        | Found Diluca's Antique Weapon Emporium.
   166 | D        | Bought a book of Vapours for 336 gold pieces
   169 | D        | Learned a level 2 spell: Poisonous Vapours
   172 | D        | Noticed a burning bush
   172 | D        | Noticed a wandering mushroom
   173 | D        | Noticed a wandering mushroom
   176 | D        | Killed a burning bush
   177 | D        | Reached skill level 17 in Stealth
   177 | D        | Reached skill level 1 in Air Magic
   177 | D        | Reached skill level 1 in Poison Magic
   177 | D        | Killed a wandering mushroom
   178 | D        | Reached skill level 18 in Stealth
   178 | D        | Reached skill level 5 in Evocations
   178 | D        | Reached XP level 7. HP: 38/38 MP: 5/12
   178 | D        | Killed a wandering mushroom
   179 | D        | Reached skill level 19 in Stealth
   193 | D        | Found Solusig's Jewellery Emporium.
   193 | D        | Found Afomuk's Distillery.
   200 | D        | Bought a potion of berserk rage for 50 gold pieces
   200 | D        | Bought a potion of might for 40 gold pieces
   200 | D        | Bought a potion of heal wounds for 50 gold pieces
   200 | D        | Bought a potion of heal wounds for 50 gold pieces
   277 | D        | Reached XP level 8. HP: 42/42 MP: 12/15
   283 | D        | Noticed a queen bee
   290 | D        | Killed a queen bee
   295 | D        | Reached skill level 20 in Stealth
   363 | D        | Noticed an oklob plant
   366 | D        | Killed an oklob plant
   367 | D        | Reached skill level 5 in Fighting
   367 | D        | Reached skill level 5 in Spellcasting
   428 | D        | Noticed a burning bush
   431 | D        | Killed a burning bush
   432 | D        | Reached skill level 21 in Stealth
   432 | D        | Reached XP level 9. HP: 47/47 MP: 14/18
   508 | D        | Noticed a burning bush
   508 | D        | Noticed an oklob plant
   509 | D        | Noticed a wandering mushroom
   510 | D        | Killed a burning bush
   515 | D        | Killed an oklob plant
   519 | D        | Killed a wandering mushroom
   520 | D        | Reached skill level 22 in Stealth
   520 | D        | Reached skill level 5 in Poison Magic
   592 | D        | Noticed a spriggan druid
   595 | D        | Noticed a moth of wrath
   603 | D        | Killed from afar by a spriggan druid

Illustrated notes

Levels and vault maps discovered:
D:        dungeon_sprint_fedhas [sprint_temple]

Skill      XL: |  1  2  3  4  5  6  7  8  9 |
---------------+----------------------------+-----
Dodging        | 2 3 4 5 6 8 |  8.6
Stealth        | 8 10 12 13 15 18 19 21 22 | 22.0
Fighting       | 2 3 4 5 |  5.8
Short Blades   | 3 4 |  4.5
Evocations     | 1 3 5 7 9 |  9.1
Throwing       | 3 |  3.3
Spellcasting   | 3 4 5 6 |  6.2
Air Magic      | 2 3 4 |  4.6
Poison Magic   | 2 3 4 5 |  5.0
Shields        | |  0.2

Action                   |  1- 3 |  4- 6 |  7- 9 || total
-------------------------+-------+-------+-------++-------
Melee: Dagger            |     4 |     7 |    16 ||    27
Throw: Dart              |       |       |     3 ||     3
 Abil: Evoke Invisibilit |       |     3 |     5 ||     8
  Use: Scroll            |       |       |     1 ||     1
 Stab: Sleeping          |     3 |     7 |    13 ||    23
       Invisible         |       |       |     1 ||     1
Dodge: Dodged            |     1 |       |     2 ||     3
Block: Buckler           |       |       |     3 ||     3
